[Event "Snabbschacks-SM 2025"]
[Site "Norrköping, Sweden"]
[Date "2025.09.28"]
[Round "9.7"]
[White "Ostling, Hakan"]
[Black "Lilliehook, Victor"]
[Result "1-0"]
[TimeControl "25 min + 10 sec/move"]
[WhiteElo "2117"]
[BlackElo "2136"]

1. f4 d5 2. Nf3 c5 3. g3 g6 4. Bg2 Bg7 5. d3 Nf6 6. O-O O-O 7. Nc3 Bf5 8. Ne5 Nbd7 9. e4 Nxe5 10. exf5 Nc6 11. fxg6 hxg6 12.
f5 Qd7 13. fxg6 fxg6 14. Ne2 e5 15. c3 Rae8 16. Bg5 Nh7 17. Bd2 Rxf1+ 18. Qxf1 Rf8 19. Qe1 b5 20. Kh1 c4 21. dxc4 bxc4 22.
Rd1 Rd8 23. Bc1 Qf7 24. Qf1 Qe6 25. Bh3 Qd6 26. Qg2 Nf6 27. Bg5 d4 28. cxd4 exd4 29. Nf4 Re8 30. Bxf6 Qxf6 31. Qd5+ Kh8 32.
Qxc4 1-0

[Event "Snabbschacks-SM 2025"]
[Site "Norrköping, Sweden"]
[Date "2025.09.28"]
[Round "6.6"]
[White "Dingertz, Erik"]
[Black "Lindh, Fredrik"]
[Result "0-1"]
[TimeControl "25 min + 10 sec/move"]
[BlackTitle "FM"]
[WhiteElo "2112"]
[BlackElo "2249"]

1. d4 d5 2. c4 c6 3.
Nf3 Nf6 4. g3 Bf5 5. Bg2 e6 6. O-O h6 7. Qb3 Qb6 8. Nc3 Nbd7 9. c5 Qxb3 10. axb3 e5 11. Nxe5 Nxe5 12. dxe5 Nd7 13.
e4 dxe4 14. Nxe4 Bxe4 15. Bxe4 Bxc5 16. Rd1 O-O-O 17. Bf5 Rhe8 18. b4 Bb6 19. Re1 Kb8 20. Bf4 Bc7 21. Rad1 Nf8 22. h4 Ne6 23.
Bg4 Rxd1 24. Rxd1 Nxf4 25. gxf4 Rd8 26. h5 Rxd1+ 27. Bxd1 Kc8 28. Kg2 f6 29. exf6 gxf6 30. Kf3 Kd7 31. Ke4 Bd6 32. Kf5 Ke7 33.
Bb3 b5 34. Ba2 Bxb4 35. Kg6 Bd2 36. Kxh6 Bxf4+ 37. Kg7 f5 38. b3 Be5 39. Kg8 Kd6 40. h6 Kc5 41. h7 Kb4 42. Bb1 f4 43. Kf7 Kc3 44. Ke6 Kd4 45.
f3 c5 46. Bd3 a6 47. Be2 Bh8 48. Kd6 c4 49. bxc4 bxc4 50. Kc6 c3 51. Bd1 Kd3 52. Kd5 c2 53. Bxc2+ Kxc2 54. Ke4 a5 55. Kxf4 a4 56. Kf5 a3 57. Kg6 a2 58. Kf7 a1=Q 59. Kg8 Qg7# 0-1

[Event "Snabbschacks-SM 2025"]
[Site "Norrköping, Sweden"]
[Date "2025.09.28"]
[Round "8.2"]
[White "Wernberg, Hugo"]
[Black "Carlsson, Ludvig"]
[Result "0-1"]
[TimeControl "25 min + 10 sec/move"]
[WhiteTitle "FM"]
[BlackTitle "IM"]
[WhiteElo "2285"]
[BlackElo "2389"]

1. d4 Nf6 2. Nf3 d5 3. e3 c6 4. Bd3 Bg4 5. Nbd2 Nbd7 6. h3 Bh5 7. O-O e6 8. c4 Bd6 9. e4 dxe4 10.
Nxe4 Nxe4 11. Bxe4 Nf6 12. Qe2 Nxe4 13. Qxe4 O-O 14. b3 a5 15. a3 Bg6 16. Qe3 a4 17. b4 b5 18. cxb5 cxb5 19.
Bb2 Rc8 20. Rac1 Qd7 21. Ne5 Qb7 22. Rxc8 Rxc8 23. Rc1 Rc7 24. Rxc7 Qxc7 25. d5 exd5 26. Nxg6 hxg6 27. Qd4 Bf8 28.
Qxd5 Qc2 29. Qd4 f6 30. Kh2 Qb3 31. Bc1 Qe6 32. Bf4 g5 33. Bg3 Qc6 34. Qd3 Kf7 35. f3 Be7 36. Qh7 Bd8 37.
Qh5+ Kg8 38. Qg6 Bb6 39. h4 gxh4 40. Bxh4 Bd4 41. Qd3 Qc4 42. Qg6 Kf8 43. Bg3 Qd5 44. Qg4 Kf7 45. f4 g6 46.
f5 gxf5 47. Qh5+ Kg7 48. Bf4 Be5 49.
Qxf5 Bxf4+ 50. Qxf4 f5 51. Kh3 Kg6 52. Qe3 Qb3 53. Qg3+ Kf6 54. Kh4 Qxg3+ 55. Kxg3 Ke5 56. Kf3 Kd5 57. Kf4 Kc4 58. Kxf5 Kb3 59. g4 Kxa3 60. g5 Kxb4 61. g6 a3 62. g7 a2 63. g8=Q a1=Q 64. Qf8+ Kc4 65. Qg8+ Kd3 66. Qg3+ Kc2 67. Qh2+ Kb3 68. Qe2 Qb1+ 69.
Kg5 Qc1+ 70. Kh5 Qc5+ 71. Kh6 b4 72. Qd1+ Kc4 73. Qe2+ Kd5 74. Qd3+ Kc6 75. Qa6+ Qb6 76. Qc4+ Kd7+ 77.
Kh7 b3 78. Qd5+ Kc7 79. Qf7+ Kb8 80. Qe8+ Kb7 81. Qe4+ Kc8 82. Qf5+ Kc7 83. Qf7+ Kc6 84. Qc4+ Kd6 85. Qd3+ Ke7 86.
Qe4+ Qe6 87. Qb4+ Kf6 88. Qd4+ Kf7 89. Qf4+ Ke7 90. Qb4+ Ke8 91. Qb8+ Kf7 92. Qf4+ Ke7 93. Qb4+ Kf6 94.
Qd4+ Kg5 95. Qd2+ Kf5 96. Qd3+ Ke5 97. Qe3+ Kd6 98. Qb6+ Ke7 99. Qb4+ Kf7 100. Qf4+ Ke7 101. Qb4+ Kf6 102. Qc3+ Kf7 103. Qf3+ Ke7 104.
Qb7+ Kf8 105. Qb8+ Qe8 106. Qh2 Qf7+ 0-1

[Event "Snabbschacks-SM 2025"]
[Site "Norrköping, Sweden"]
[Date "2025.09.28"]
[Round "9.8"]
[White "Bjorklund, Thomas"]
[Black "Eriksson, Kristian"]
[Result "1/2-1/2"]
[TimeControl "25 min + 10 sec/move"]
[WhiteElo "2103"]
[BlackElo "2033"]

1. e4 e5 2. Nf3 Nc6 3. Bc4 Nf6 4. d3 a6 5. a3 h6 6. h3 d6 7. c3 g6 8. Qc2 Bg7 9. Be3 O-O 10. Nbd2 d5 11. Ba2 Be6 12. O-O Qd7 13. Rfe1 Rfe8 14. Nf1 Rad8 15. Rad1 dxe4 16. dxe4 Qc8 17. Bxe6 Qxe6 18. Ng3 Kh7 19. Ne2 Qc4 20. Nd2 Qe6 21. b3 Rd7 22. Nf3 Red8 23.
Rxd7 Rxd7 24. c4 Qd6 25. b4 Nh5 26. Nc3 Qd3 27. Qxd3 Rxd3 28. Rc1 Nd4 29. Kf1 Nb3 30. Rc2 Nd4 31.
Rc1 Nb3 32. Rc2 Nd4 33. Rc1 1/2-1/2

[Event "Snabbschacks-SM 2025"]
[Site "Norrköping, Sweden"]
[Date "2025.09.28"]
[Round "6.7"]
[White "Fors, Klas"]
[Black "Rogoz, Vladyslav"]
[Result "0-1"]
[TimeControl "25 min + 10 sec/move"]
[WhiteElo "2063"]
[BlackElo "2108"]

1. c4 e6 2. Nf3 b6 3. g3 Bb7 4. Bg2 f5 5. O-O Nf6 6. Nc3 Bb4 7. Qc2 O-O 8. a3 Bxc3 9. Qxc3 Ne4 10.
Qc2 Qe8 11. d3 Nf6 12. b4 a5 13. Bb2 d6 14. Bc3 a4 15. Rab1 e5 16. b5 Nbd7 17. Rb4 Nc5 18. Rbb1 Qh5 19.
Bb4 Nb3 20. Bc3 e4 21. Nd4 Nc5 22. Bb4 f4 23. dxe4 fxg3 24. h3 Bxe4 25. Bxe4 Qxh3 26. fxg3 Nfxe4 27. Rf3 Nxg3 28. Qc3 0-1

[Event "Snabbschacks-SM 2025"]
[Site "Norrköping, Sweden"]
[Date "2025.09.28"]
[Round "8.3"]
[White "Grahn, Vidar"]
[Black "Ostling, Hakan"]
[Result "1-0"]
[TimeControl "25 min + 10 sec/move"]
[WhiteTitle "FM"]
[WhiteElo "2236"]
[BlackElo "2117"]

1. e4 g6 2. d4 Bg7 3. c4 d6 4. Be2 Nf6 5. Nc3 O-O 6. Be3 e5 7. d5 Nbd7 8. h4 h5 9. f3 Re8 10. Nh3 Nf8 11. Nf2 c6 12.
Qd2 cxd5 13. cxd5 Kh7 14. g4 a6 15. a4 Qa5 16. Rb1 Qb4 17. Nd3 Qa5 18. g5 N6d7 19. b4 Qd8 20. Nb2 f5 21. Nc4 Qe7 22. a5 Rb8 23.
Ba7 Ra8 24. Bf2 Rd8 25. Qc2 f4 26. Kd2 Rb8 27. Rhc1 b5 28. axb6 Bb7 29. Na5 Ba8 30. Nc6 Bxc6 31. dxc6 Nxb6 32. Bxb6 Rxb6 33. Nd5 Qa7 34. Nxb6 Qxb6 35. Qb3 Rc8 36.
Ra1 Qd4+ 37. Qd3 Qxb4+ 38. Qc3 Qxc3+ 39. Rxc3 Ne6 40. Bxa6 Rc7 41. Bb5 Nd4 42. Ba4 d5 43. exd5 Bf8 44.
Rb1 Bd6 45. Rb7 Nf5 46. Rxc7+ Bxc7 47. Rb3 Nd6 48. Kd3 Kg7 49. Ra3 Kf7 50. Bb3 Nb5 51.
d6+ 1-0

[Event "Snabbschacks-SM 2025"]
[Site "Norrköping, Sweden"]
[Date "2025.09.28"]
[Round "9.9"]
[White "Malmsten, Hans"]
[Black "Olsson, Simon"]
[Result "0-1"]
[TimeControl "25 min + 10 sec/move"]
[WhiteElo "2024"]
[BlackElo "2068"]

1. d4 Nf6 2. g3 d5 3. Bg2 Bf5 4. c4 c6 5. Qb3 Qb6 6. Nc3 e6 7. Nf3 Nbd7 8. Qxb6 axb6 9. Nh4 dxc4 10.
e4 Bg6 11. O-O b5 12. d5 e5 13. dxc6 bxc6 14. Rd1 Bc5 15. Bh3 b4 16. Nxg6 hxg6 17. Bxd7+ Nxd7 18. Nb1 Nf6 19. Nd2 Ng4 20.
Nxc4 Nxf2 21. Rf1 Nxe4+ 22. Kg2 f6 23. Re1 Nf2 24. Nxe5 fxe5 25. Rxe5+ Kd7 26. Rxc5 Nd3 27. Rc4 Nxc1 28.
Rcxc1 Rh5 29. Rc4 c5 30. Rg4 Rd5 31. Rxg6 Rd2+ 32. Kh3 Rxb2 33. Rxg7+ Kc6 34. Kg4 Rxh2 35. Rg5 Raxa2 36. Rf1 b3 37. Rf6+ Kb5 38. Rf8 b2 39. Rc8 Rc2 40. Kh5 Ra6 41.
Rg6 Rxg6 42. Kxg6 Kc4 43. Rb8 Kc3 44. g4 Rc1 0-1

[Event "Snabbschacks-SM 2025"]
[Site "Norrköping, Sweden"]
[Date "2025.09.28"]
[Round "6.8"]
[White "Jonsson, Krister"]
[Black "Nygren, Kim"]
[Result "1-0"]
[TimeControl "25 min + 10 sec/move"]
[BlackTitle "CM"]
[WhiteElo "2022"]
[BlackElo "2173"]

1. Nf3 c5 2. c4 Nc6 3. g3 e5 4. Nc3 Be7 5. Bg2 g5 6. d3 d6 7. Nd2 Be6 8. Nf1 h5 9. Ne3 h4 10.
Qa4 Bd7 11. Qd1 h3 12. Be4 Nh6 13. Bd5 f5 14. Bd2 f4 15. Nc2 Bf6 16. e4 Bg4 17. f3 Bh5 18. g4 Bf7 19. Qe2 Nd4 20. Nxd4 exd4 21. Bxf7+ Nxf7 22. Nd5 Ne5 23. Kf2 Bg7 24.
b4 b6 25. a4 cxb4 26. Bxb4 a5 27. Ba3 Kf7 28. Rab1 Ra6 29. Rb5 Rh4 30. Rg1 Bf8 31.
Qc2 Be7 32. Ke2 Qd7 33. Qd1 Bd8 34. Bb2 Nc6 35. Qb3 Rh6 36. Nxb6 Bxb6 37. c5+ Qe6 38.
Qxe6+ Rxe6 39. cxb6 Re5 40. Rc1 Rxb5 41. axb5 Rxb6 42. Rxc6 Rxb5 43. Bxd4 Rb1 44. Rc7+ Ke6 45. Rh7 a4 46.
Rxh3 a3 47. Rh8 a2 48. Ra8 Rh1 49. Rxa2 Rxh2+ 50. Bf2 1-0

[Event "Snabbschacks-SM 2025"]
[Site "Norrköping, Sweden"]
[Date "2025.09.28"]
[Round "8.4"]
[White "Smith, Axel"]
[Black "Bjorklund, Thomas"]
[Result "1-0"]
[TimeControl "25 min + 10 sec/move"]
[WhiteTitle "GM"]
[WhiteElo "2431"]
[BlackElo "2103"]

1. c4 Nf6 2. Nc3 e6 3.
e4 d5 4. cxd5 exd5 5. e5 Ne4 6. d4 c5 7. Nxe4 dxe4 8. d5 Be7 9. Qa4+ Bd7 10.
Qxe4 O-O 11. Nf3 Re8 12. Bd3 g6 13. O-O Bf6 14. Qf4 Bg7 15. Re1 Na6 16. Bd2 Nc7 17. Ng5 f6 18. exf6 Bxf6 19.
Qh4 Bxg5 20. Bxg5 Rxe1+ 21. Rxe1 Qf8 22. Re7 Nxd5 23. Qxh7# 1-0

[Event "Snabbschacks-SM 2025"]
[Site "Norrköping, Sweden"]
[Date "2025.09.28"]
[Round "9.10"]
[White "Dolata, Henryk"]
[Black "Olsson, Linus"]
[Result "1/2-1/2"]
[TimeControl "25 min + 10 sec/move"]
[BlackTitle "FM"]
[WhiteElo "1943"]
[BlackElo "2166"]

1. e4 c5 2. c3 d5 3. exd5 Qxd5 4. d4 cxd4 5. cxd4 Nc6 6. Nf3 e5 7. Be3 e4 8. Nc3 Bb4 9. Nd2 Bxc3 10. bxc3 Nf6 11. Bc4 Qf5 12. h3 O-O 13. O-O Be6 14.
Bxe6 Qxe6 15. Qb3 Nd5 16. c4 Nxe3 17. Qxe3 Na5 18. Rac1 Rae8 19. d5 Qa6 20. Qd4 f5 21. c5 Rd8 22.
Rfd1 Rf7 23. Nf1 Nc6 24. Qc3 Ne7 25. Qb3 Kf8 26. Ne3 Ng6 27. Nc4 Nf4 28. Rd2 Nd3 29. Rxd3 exd3 30. Qxd3 Qxa2 31.
Nd6 Rf6 32. Rd1 Qb2 33. Rb1 Qe5 34. Rxb7 Rfxd6 35. cxd6 Rxd6 36. Rxa7 Rxd5 37. Qf1 Qd6 38. Ra1 h6 1/2-1/2

[Event "Snabbschacks-SM 2025"]
[Site "Norrköping, Sweden"]
[Date "2025.09.28"]
[Round "8.5"]
[White "Lilliehook, Victor"]
[Black "Religa, Marek"]
[Result "0-1"]
[TimeControl "25 min + 10 sec/move"]
[WhiteElo "2136"]
[BlackElo "2207"]

1. e4 c5 2. Nf3 Nf6 3. e5 Nd5 4. Nc3 e6 5. Nxd5 exd5 6. d4 Nc6 7. c3 cxd4 8. cxd4 d6 9. Bd3 dxe5 10. dxe5 Bb4+ 11. Bd2 Qa5 12. O-O Bg4 13. Bxb4 Qxb4 14. Re1 O-O 15. a3 Qf4 16.
Qd2 Qxd2 17. Nxd2 Rae8 18. h3 Bd7 19. f4 g5 20. fxg5 Nxe5 21. Bc2 Re7 22. Nf3 Rfe8 23. Nd4 Kg7 24. Kf2 f6 25. gxf6+ Kxf6 26. Re2 Bb5 27. Ree1 Bd7 28. Re2 Bb5 29. Ree1 Nd3+ 30. Bxd3 Bxd3 31.
Rxe7 Rxe7 32. Rd1 Be4 33. Nb5 Ke5 34. Nxa7 Rf7+ 35. Kg1 d4 36. Nb5 Rd7 37. Kf2 Bc2 38. Rd2 Ba4 39. Na7 Rc7 40. Rd3 b6 41. b3 Bd7 42.
Rg3 Rxa7 43. Rg7 Kd6 44.
a4 Rc7 45. Rxh7 Rc2+ 46. Kf1 Be6 47. Rh4 Ke5 48. Rh5+ Ke4 49. Rh6 Bd5 50. Rxb6 Ke3 51. Kg1 Rxg2+ 52. Kf1 Rb2 53. Kg1 d3 54. Rd6 Bxb3 55. a5 d2 56.
a6 d1=Q+ 57. Rxd1 Bxd1 58. a7 Ra2 0-1

[Event "Snabbschacks-SM 2025"]
[Site "Norrköping, Sweden"]
[Date "2025.09.27"]
[Round "2.2"]
[White "Angskog, Kent"]
[Black "Carlsson, Ludvig"]
[Result "0-1"]
[TimeControl "25 min + 10 sec/move"]
[BlackTitle "IM"]
[WhiteElo "2118"]
[BlackElo "2389"]

1. e4 g6 2. d4 d6 3. c4 Bg7 4. Nc3 c5 5. dxc5 dxc5 6. Qxd8+ Kxd8 7. Be3 Bxc3+ 8. bxc3 b6 9. O-O-O+ Ke8 10.
g3 Nc6 11. f4 Nf6 12. e5 Ng4 13. Bg2 Bb7 14. Re1 Rd8 15. h3 Nxe3 16. Rxe3 Na5 17. Bxb7 Nxb7 18. Nf3 Na5 19. e6 f6 20.
Nd2 Kf8 21. f5 gxf5 22. Rf1 Rg8 23. Rf4 Rg5 24. Kc2 Rd6 25. Rh4 Kg7 26. g4 Rxd2+ 27. Kxd2 Nxc4+ 28. Kd3 Nxe3 29. Kxe3 fxg4 30. hxg4 Re5+ 0-1

[Event "Snabbschacks-SM 2025"]
[Site "Norrköping, Sweden"]
[Date "2025.09.27"]
[Round "3.8"]
[White "Rogoz, Vladyslav"]
[Black "Olsson, Linus"]
[Result "0-1"]
[TimeControl "25 min + 10 sec/move"]
[BlackTitle "FM"]
[WhiteElo "2108"]
[BlackElo "2166"]

1. d4 Nf6 2. c4 e5 3. dxe5 Ne4 4. g3 Bb4+ 5. Nd2 d6 6. exd6 Qxd6 7. Bg2 Bf5 8. a3 Bxd2+ 9. Bxd2 Nc6 10.
Nf3 O-O-O 11. Be3 Qe6 12. Qc1 Na5 13. Nd4 Rxd4 14. Bxd4 Nb3 15. Qd1 Qxc4 16. Qd3 Qxd4 17. O-O Qxd3 18.
exd3 Ned2 19. Bd5 Nxa1 20. Rxa1 Be6 21. Bg2 Rd8 22. Rd1 Rxd3 23. Be4 Nf3+ 24. Bxf3 Rxf3 25. Kg2 Rb3 26. Rd2 Rb6 27.
h3 Rd6 28. Rc2 b6 29. g4 c5 30. f4 Rd3 31. f5 Bd5+ 32. Kh2 Kd7 33. Re2 c4 34. h4 b5 35. g5 a5 36. Rf2 b4 37.
axb4 axb4 38. h5 c3 39. bxc3 bxc3 40. g6 fxg6 41. hxg6 hxg6 42. fxg6 Rd2 0-1

[Event "Snabbschacks-SM 2025"]
[Site "Norrköping, Sweden"]
[Date "2025.09.27"]
[Round "5.4"]
[White "Carlsson, Ludvig"]
[Black "Dingertz, Erik"]
[Result "1/2-1/2"]
[TimeControl "25 min + 10 sec/move"]
[WhiteTitle "IM"]
[WhiteElo "2389"]
[BlackElo "2112"]

1. e4 e5 2. Nf3 Nc6 3. Nc3 Nf6 4. d4 exd4 5. Nxd4 Bb4 6. Nxc6 bxc6 7. Bd3 d5 8. exd5 O-O 9. O-O Bg4 10.
f3 Bh5 11. dxc6 Qd4+ 12. Kh1 Bxc3 13. bxc3 Qxc3 14. Bf4 Qxc6 15. Qe2 Rfe8 16. Bb5 Rxe2 17. Bxc6 Rb8 18. Rab1 Rxb1 19. Rxb1 h6 20.
Bb5 Re6 21. Bc4 Rc6 22. Rb8+ Kh7 23. Bb3 Bg6 24. Rb7 Bxc2 25. Bxf7 Rb6 26. Rxb6 cxb6 27. Bb8 a5 28. Bc7 Nd7 29. Kg1 a4 30. Be6 Nc5 31.
Bc4 Nd7 32. g4 h5 33. Bb5 Nf6 34. Bxb6 hxg4 35. fxg4 Nxg4 36. Bd4 Kg6 37. h3 Nf6 38. Kf2 Bf5 39. Bxa4 Bxh3 40. Bb3 Bc8 41.
Bc4 Bd7 42. Bb3 Kf5 43. a4 Ke4 44. Bb2 Ng4+ 45. Ke2 Ne5 46. Bc3 g5 47. Bc2+ Kd5 48. Ke3 Ng4+ 49. Kd2 Ne5 50. Bb3+ Ke4 51.
Ke2 g4 52. Bc2+ Kd5 53. Kf2 Kc4 54. Bxe5 Kb4 55. Bd6+ Kc3 56. Bd1 Kd2 57. Be2 Bxa4 58.
Bb4+ Kc2 59. Ke3 Kb3 60. Bd6 Bd7 61. Kd4 Bf5 62. Bd1+ Bc2 63. Bxg4 Bg6 64. Be2 Bf5 65. Be7 Bg6 66.
Bg4 Bh7 67. Be6+ Kc2 68. Bb4 Bg6 69. Bc3 Bh7 70. Bf7 Bf5 71. Ba2 Bg6 72. Ba5 Bh7 73. Be6 Bg6 74. Bd7 Bf7 75. Be1 Bg8 76.
Bh4 Bf7 77. Bg4 Bg8 78. Bf5+ Kb3 79. Be1 Bf7 80. Kd3 Bc4 81. Kd2 Bf7 82. Bb1 Kb4 83. Bf2 Kb5 84. Be4 Kc4 85. Kc2 Be8 86.
Ba7 Ba4+ 87. Kb2 Bd7 88. Bc2 1/2-1/2

[Event "Snabbschacks-SM 2025"]
[Site "Norrköping, Sweden"]
[Date "2025.09.27"]
[Round "2.3"]
[White "Olsson, Linus"]
[Black "Jonsson, Krister"]
[Result "1/2-1/2"]
[TimeControl "25 min + 10 sec/move"]
[WhiteTitle "FM"]
[WhiteElo "2166"]
[BlackElo "2022"]

1. d4 Nf6 2. c4 e6 3. g3 Bb4+ 4. Nd2 d5 5. Bg2 O-O 6. Qc2 Nc6 7. Ngf3 Ne4 8. O-O f5 9. c5 Bxd2 10.
Bxd2 Bd7 11. b4 Nxd2 12. Qxd2 a6 13. a4 Qf6 14. Qb2 b6 15. b5 Na5 16. Ne5 Rfd8 17. Rfc1 Be8 18. c6 g5 19.
e3 Bg6 20. Bf1 axb5 21. axb5 f4 22. exf4 gxf4 23. Ra3 Be4 24. Qd2 Nc4 25. Nxc4 dxc4 26. Rxa8 Rxa8 27. Qxf4 Qxf4 28. gxf4 Bd3 29. Bxd3 cxd3 30. Rd1 Ra5 31.
Rxd3 Rxb5 32. Kg2 Kf7 33. Kf3 Ke7 34. Ke4 Kd6 35. Rc3 Rh5 36. h3 b5 37. f3 b4 38. Rb3 Rb5 39. Kd3 Kxc6 40.
Kc4 Rf5 41. Rxb4 Rxf4 42. Rb3 Rh4 43. Kd3 Rxh3 44. Ke4 Kd6 45. Rb8 Rh4+ 46. f4 h5 47. Rh8 c6 48. Rh6 Ke7 49. Ke5 Kf7 50.
Rf6+ Kg7 51. Rxe6 Rh1 52. Rxc6 h4 53. Rc7+ Kg8 54. d5 h3 55. Kd6 Rg1 56. Rc2 Rg2 57. Rc3 h2 58. Rh3 Rf2 59. Kd7 Kf7 60. d6 Kf6 61.
Kd8 Kf5 62. Rh4 Rd2 63. d7 Re2 64. Kc7 Rc2+ 65. Kd6 Rd2+ 66. Ke7 Re2+ 67. Kf7 Rd2 68. Ke8 Re2+ 69. Kd8 Rd2 70. Ke8 Re2+ 71. Kf8 Rd2 72. Ke8 Re2+ 73. Kf8 1/2-1/2

[Event "Snabbschacks-SM 2025"]
[Site "Norrköping, Sweden"]
[Date "2025.09.27"]
[Round "3.9"]
[White "Jonsson, Krister"]
[Black "Bohman Karlholm, Adrian"]
[Result "1/2-1/2"]
[TimeControl "25 min + 10 sec/move"]
[WhiteElo "2022"]
[BlackElo "2102"]

1. d4 Nf6 2. c4 b6 3. Nc3 Bb7 4. Nf3 e6 5. Bg5 h6 6. Bh4 Be7 7. e3 d5 8. cxd5 Nxd5 9. Bxe7 Qxe7 10.
Nxd5 Bxd5 11. Bd3 O-O 12. O-O Nd7 13. Qe2 e5 14. e4 Bb7 15. Rac1 c6 16. Bb1 Rad8 17. Rfd1 g6 18. a3 Rfe8 19.
Qe3 Kg7 20. b4 exd4 21. Qxd4+ f6 22. Qc4 Ne5 23. Nxe5 Qxe5 24. f3 Qf4 25. Ba2 Qc7 26. g3 h5 27. Kg2 Bc8 28. Qc2 h4 29.
Rxd8 Rxd8 30. Rd1 hxg3 31. hxg3 Rh8 32.
Qc4 Bh3+ 33. Kf2 Bc8 34. Kg2 Bh3+ 35. Kf2 Bc8 1/2-1/2

[Event "Snabbschacks-SM 2025"]
[Site "Norrköping, Sweden"]
[Date "2025.09.27"]
[Round "5.5"]
[White "Bjorklund, Thomas"]
[Black "Livner, Anders"]
[Result "0-1"]
[TimeControl "25 min + 10 sec/move"]
[BlackTitle "FM"]
[WhiteElo "2103"]
[BlackElo "2292"]

1. e4 c6 2. c3 d5 3. exd5 cxd5 4.
d4 Nf6 5. Nf3 Nc6 6. Bd3 Bg4 7.
h3 Bh5 8. Bf4 e6 9. Nbd2 Bd6 10. Bxd6 Qxd6 11. Qb3 Rb8 12. O-O O-O 13. Rfe1 Qc7 14. Rac1 b5 15. Qc2 Bg6 16. Ne5 Nxe5 17.
Rxe5 b4 18. Bxg6 hxg6 19. Re3 Rfc8 20. Nb3 Ne4 21. Nd2 Nd6 22. Rf3 a5 23. Qd1 Qa7 24. Nb3 a4 25. Nc5 a3 26. b3 bxc3 27.
Rfxc3 Rb4 28. Qd2 Nf5 29. Rd3 Qb6 30. Rdc3 Rd8 31. g4 Nd6 32. Qf4
Nb5 33. Rf3 Qa7 34. Rd1 Re8 35. Re3 Rc8 36. Qe5 Nxd4 37. Rxd4 Qxc5 38. Rdd3 Qb6
39. h4 Rxg4+ 40. Rg3 Rxg3+ 41. Rxg3 Qb4 42. h5 Rc1+ 43. Kh2 Qh4+ 44. Kg2 Qh1#
0-1

[Event "Snabbschacks-SM 2025"]
[Site "Norrköping, Sweden"]
[Date "2025.09.27"]
[Round "2.4"]
[White "Dingertz, Erik"]
[Black "Religa, Marek"]
[Result "0-1"]
[TimeControl "25 min + 10 sec/move"]
[WhiteElo "2112"]
[BlackElo "2207"]

1. d4 Nf6 2. c4 g6 3.
Nc3 Bg7 4. e4 d6 5. Nf3 O-O 6. Be2 e5 7. Be3 exd4 8. Nxd4 Re8 9. f3 c6 10.
Bf2 d5 11. exd5 cxd5 12. O-O Nc6 13.
c5 Bf8 14. Ndb5 a6 15. Nd6 Bxd6 16. cxd6 Qxd6 17. Ne4 Nxe4 18.
fxe4 Be6 19. Bf3 Rad8 20. Bb6 dxe4 21. Bxd8 Qc5+ 22. Kh1 Rxd8 23. Qe1 exf3 24. Rxf3 Qd4 25. h3 Qxb2 26. Rb1 Qd2 27.
Qg3 Rd7 28. Rf2 Qd5 29. Re1 Ne7 30. Re5 Qd1+ 31. Kh2 Qd6 32. h4 Nc6 33. Rg5 Qxg3+ 34. Rxg3 Rd4 0-1

[Event "Snabbschacks-SM 2025"]
[Site "Norrköping, Sweden"]
[Date "2025.09.27"]
[Round "3.10"]
[White "Eriksson, Kristian"]
[Black "Fors, Klas"]
[Result "0-1"]
[TimeControl "25 min + 10 sec/move"]
[WhiteElo "2033"]
[BlackElo "2063"]

1. e4 e5 2. Nf3 Nc6 3. Bb5 Nf6 4. Qe2 d6 5. d4 exd4 6. Nxd4 Bd7 7. Nxc6 bxc6 8. Bd3 Be7 9. Nc3 O-O 10.
O-O Re8 11. f4 Bf8 12. Qf2 Qb8 13. b3 Qb6 14. Be3 Qb4 15. Bd2 Qb6 16. h3 Qxf2+ 17. Rxf2 c5 18. Re1 Bc6 19. Rfe2 Nd7 20.
Bb5 Bxb5 21. Nxb5 Rec8 22. e5 a6 23. Nc3 Nb6 24. a4 a5 25. Nb5 c4 26. g3 cxb3 27. cxb3 dxe5 28. Rxe5 Nd7 29.
Rd5 Nc5 30. Nd4 c6 31. Rh5 g6 32. Rh4 Bg7 33. Bc3 Nxb3 34. Nxb3 Bxc3 35. Rc1 Bf6 36. Rg4 h5 37. Rg5 Bxg5 38. fxg5 Rcb8 39. Nc5 Rb2 40. Nd7 Rd8 41. Nf6+ Kg7 42.
h4 Rdd2 0-1

[Event "Snabbschacks-SM 2025"]
[Site "Norrköping, Sweden"]
[Date "2025.09.27"]
[Round "5.6"]
[White "Malmsten, Hans"]
[Black "Olsson, Linus"]
[Result "0-1"]
[TimeControl "25 min + 10 sec/move"]
[BlackTitle "FM"]
[WhiteElo "2024"]
[BlackElo "2166"]

1. d4 Nf6 2. g3 g6 3. Bg2 d5 4. c4 c6 5. Nf3 Bg7 6. O-O O-O 7. cxd5 cxd5 8. Ne5 e6 9. Nc3 Nfd7 10. f4 Nb6 11. b3 f6 12.
Nd3 Re8 13. Bb2 Nc6 14. e3 Bf8 15. a3 a6 16. h3 Bd6 17. g4 Qe7 18. e4 dxe4 19. Nxe4 Nd5 20. Nxd6 Qxd6 21. Qd2 b6 22.
Rae1 Bb7 23. b4 Rad8 24. Qf2 Rf8 25. Re2 Rde8 26. Rfe1 Re7 27. f5 exf5 28. gxf5 Rg7 29. Re6 Qd7 30.
Kf1 Nd8 31. R6e2 Qxf5 32. Qxf5 gxf5 33. Bf3 Nf7 34. Bc1 Ng5 35. Bg2 Kh8 36. h4 Ne4 37. Bxe4 fxe4 38. Rxe4 Rfg8 39. Re8 Bc6 40. Rxg8+ Rxg8 41.
Re6 Bb5 42. Ke2 Rg2+ 43. Kf3 Rg1 44. Bh6 Bxd3 45. Re8+ Rg8 46. Re6 Bg6 47. Rd6 Re8 48. Kf2 Be4 49. Rd7 Ne7 50. Ra7 Nf5 51.
Bf4 Bd3 52. d5 Re7 53. Rxe7 Nxe7 54. d6 Nc6 55. Ke3 Bf5 56. Bh6 Kg8 57. Kf4 Be6 58. Ke4 Kf7 59. Bf4 Ke8 60. Bd2 Kd7 61. Bc3 f5+ 62. Kf4 Kxd6 63. a4 b5 64. axb5 axb5 65. Ke3 Kd5 66. Kd3 f4 67. Be1 Bf5+ 68. Kc3 Ke4 69.
Kd2 Kf3 70. h5 h6 71. Bh4 Kg4 72. Bf6 Kxh5 73. Ke2 Kg4 74. Bc3 Kg3 75. Kf1 h5 76. Kg1 Kf3 77. Be1 Ke2 78. Bh4 Nxb4 0-1

[Event "Snabbschacks-SM 2025"]
[Site "Norrköping, Sweden"]
[Date "2025.09.27"]
[Round "2.5"]
[White "Grahn, Vidar"]
[Black "Malmsten, Hans"]
[Result "1-0"]
[TimeControl "25 min + 10 sec/move"]
[WhiteTitle "FM"]
[WhiteElo "2236"]
[BlackElo "2024"]

1. d4 Nf6 2. c4 e5 3. dxe5 Ng4 4. Bf4 Bb4+ 5. Nd2 d6 6. exd6 Qf6 7. e3 Qxb2 8. Ngf3 Bxd6 9. Bxd6 cxd6 10. Bd3 Nc6 11. O-O Nf6 12. Ne4 Nxe4 13. Bxe4 Qf6 14.
Qd3 Bg4 15. Bxc6+ bxc6 16. Qe4+ Be6 17. Qxc6+ Ke7 18. Rab1 Rad8 19. Rb7+ Rd7 20. Rd1 Rxb7 21. Qxb7+ Bd7 22. c5 Rd8 23. c6 1-0

[ePGN "0.1;DGT LiveChess/2.2.7"]

[Event "Snabbschacks-SM 2025"]
[Site "Norrköping, Sweden"]
[Date "2025.09.27"]
[Round "4.1"]
[White "Grahn, Vidar"]
[Black "Carlsson, Ludvig"]
[Result "1-0"]
[TimeControl "25 min + 10 sec/move"]
[WhiteTitle "FM"]
[BlackTitle "IM"]
[WhiteElo "2236"]
[BlackElo "2389"]

1. Nf3 c5 2. g3 Nc6 3. d4 cxd4 4. Nxd4 h5 5. Nc3 h4 6. Bf4 d6 7. Nxc6 bxc6 8. Bg2 Bd7 9. Qd2 Rb8 10.
gxh4 Nf6 11. b3 Rxh4 12. Bg5 Rh8 13. O-O-O Qa5 14. Kb1 Ng4 15. Be3 Nxe3 16. Qxe3 Qb6 17. Qg3 g6 18. e4 Bg7 19.
f4 Qa5 20. e5 Rh5 21. Rhe1 Kf8 22. Ne4 dxe5 23. Rxd7 exf4 24. Qf2 Qxa2+ 25. Kc1 Rxh2 26. Red1 Qa1+ 27. Kd2 Qa5+ 28. Ke2 Be5 29.
Kf1 a6 30. Nd2 Rh5 31. Nc4 Qb5 32.
Bf3 Rg5 33. Rd8+ Rxd8 34. Rxd8+ Kg7 35. Qh2 Kf6 36. Qh8+ Ke6 37.
Qe8 Rg3 38. Bxc6 Qc5 39. Bd7+ Kf6 40. Qh8+ Kg5 41. Qxe5+ Qxe5 42. Nxe5 Rc3 43. Rc8 Rxc8 44. Bxc8 f6 45. Nf3+ Kh5 46. Bxa6 g5 47. Bb5 Kg4 48. Kf2 e5 49. Bd7+ Kh5 50.
b4 e4 51. b5 g4 52. Bxg4+ Kxg4 53. b6 1-0

[Event "Snabbschacks-SM 2025"]
[Site "Norrköping, Sweden"]
[Date "2025.09.27"]
[Round "5.7"]
[White "Fors, Klas"]
[Black "Lilliehook, Victor"]
[Result "0-1"]
[TimeControl "25 min + 10 sec/move"]
[WhiteElo "2063"]
[BlackElo "2136"]

1. Nf3 d5 2. c4 e6 3. g3 d4 4. d3 c5 5. Bg2 Nc6 6. O-O Nf6 7. a3 h6 8. e3 a5 9. exd4 cxd4 10.
Re1 Bd6 11. Nbd2 O-O 12. Rb1 Re8 13. Qc2 Nd7 14. Ne4 Bf8 15. c5 a4 16. Bd2 Ndb8 17. Bb4 Na6 18. Qxa4 e5 19. Qb5 Bd7 20.
Qc4 Naxb4 21. axb4 Ra4 22. Qd5 Nxb4 23. Qb3 Qa5 24. Rec1 Be6 25. Qd1 Na2 26. b3 Ra3 27. b4 Qa6 28.
b5 Qa5 29. Nxe5 Nxc1 30. Qxc1 Ba2 31. Nc4 Bxc4 32. Qxc4 Ra1 33. Rxa1 Qxa1+ 34. Bf1 Rc8 35. Kg2 Bxc5 36. Qd5 b6 37.
Be2 Qa8 38. Qd7 Rd8 39. Qc7 f5 40. Bf3 fxe4 41. Bxe4 Qc8 42. Qe5 Re8 43. Qd5+ Qe6 44.
Qh5 Rd8 45. f4 Be7 46. g4 Qf7 47.
Qe5 Bf6 48. Qf5 g6 49. Qxg6+ Qxg6 50. Bxg6 Rd5 51. Be8 Kf8 52.
Bc6 Rc5 53. Kg3 Rc3 54. Be4 Rb3 55. h4 Rxb5 56. g5 hxg5 57.
hxg5 Bg7 58. Kg4 Rc5 59. Kh5 b5 60. Kg6 b4 61. f5 b3 62. f6 Rxg5+ 0-1